 Dungeon Crawl Stone Soup version 0.29-a0-334-gb41bcbb86e (webtiles) character file.

Game seed: 13482365756363837465

6 ImHallYall the Chopper (level 1, -1/16 HPs)
             Began as a Demonspawn Gladiator on Apr 13, 2022.
             Frozen to death by an endoplasm (2 damage)
             ... on level 1 of the Dungeon.
             The game lasted 00:00:24 (167 turns).

ImHallYall the Chopper (Demonspawn Gladiator)        Turns: 167, Time: 00:00:26

Health: -1/16      AC:  9    Str: 14    XL:     1   Next: 75%
Magic:  1/1        EV:  6    Int:  9    God:
Gold:   22         SH:  0    Dex: 14    Spells: 0/0 levels left

rFire   . . .      SeeInvis .   a - +0 war axe
rCold   . . .      Faith    .   (no shield)
rNeg    . . .      Spirit   .   g - +0 chain mail
rPois   .          Reflect  .   c - +0 helmet
rElec   .          Harm     .   (no cloak)
rCorr   .          Rampage  .   (no gloves)
Will    .....                   (no boots)
Stlth   ..........              (no amulet)
HPRegen 0.05/turn               (no ring)
MPRegen 0.07/turn               (no ring)

@: no status effects
A: no striking features
a: no special abilities


You were on level 1 of the Dungeon.
You visited 1 branch of the dungeon, and saw 1 of its levels.

You collected 22 gold pieces.

Inventory:

Hand Weapons
 a - a +0 war axe (weapon)
Missiles
 d - 3 throwing nets (quivered)
 e - a javelin
Armour
 b - a +0 leather armour
 c - a +0 helmet (worn)
 g - a +0 chain mail (worn)
Scrolls
 h - a scroll of teleportation {unknown}
Potions
 f - a potion of magic {unknown}


   Skills:
 + Level 2.0 Fighting
 + Level 3.0 Axes
 + Level 1.8 Throwing
 + Level 2.8 Dodging


You couldn't memorise any spells.
You didn't know any spells.
Your spell library was empty.

Dungeon Overview and Level Annotations

Branches:
Dungeon (1/15)

Altars:


Message History

The hobgoblin hits you but does no damage.
The hobgoblin closely misses you.
You slash the hobgoblin!
You kill the hobgoblin!
You see here a hobgoblin corpse.
The kobold hits you but does no damage.
You slash the kobold!
You kill the kobold!
A bat comes into view.
The bat moves out of view.
An endoplasm comes into view.
Found 29 gold pieces.
The endoplasm quivers.
Things that are here:
a +0 dagger; a kobold corpse
Found a fizzy brown potion.
The bat hits you but does no damage. The bat hits you but does no damage.
The bat hits you. The bat hits you but does no damage.
The endoplasm freezes you.
You are frozen.
You barely miss the endoplasm. You hit the bat.
You kill the bat!
The endoplasm freezes you.
You are frozen.
The endoplasm freezes you.
You are frozen.
* * * LOW HITPOINT WARNING * * *
Your Axes skill increases to level 3!
You hit the endoplasm but do no damage. The endoplasm barely misses you.
You hit the endoplasm.
The endoplasm is moderately wounded.
The endoplasm hits you but does no damage.
You hit the endoplasm but do no damage.
The endoplasm is moderately wounded.
The endoplasm freezes you.
You are frozen.
* * * LOW HITPOINT WARNING * * *
The endoplasm freezes you.
You are frozen.
You die...

#.# ... #.# .....
#+########.# #.#..
.........#.# #.#.###
.........#.# #.#....
.........#.#######.#....
.......†.>..............
......J@..).†...........
..........####...#).....
..........# ###.#...###
..!......... ..#...#
.......$.#### ####...#
.......... #......#
.........# #)#....##.
........$# # #.....#.
#.###.#.


You could see an endoplasm.

Vanquished Creatures
  A goblin (D:1)
  2 hobgoblins (D:1)
  A bat (D:1)
  A frilled lizard (D:1)
  A kobold (D:1)
6 creatures vanquished.

Notes
Turn   | Place    | Note
-------+----------+-------------------------------------------
     0 | D:1      | ImHallYall the Demonspawn Gladiator began the quest for the
                  | Orb.
     0 | D:1      | Reached XP level 1. HP: 16/16 MP: 1/1
   165 | D:1      | Reached skill level 3 in Axes
   167 | D:1      | Frozen to death by an endoplasm

Illustrated notes

Levels and vault maps discovered:
D:1:      dpeg_arrival_renting, layout_basic, minmay_tripent

Skill      XL: |  1 |
---------------+----+-----
Axes           | 3 |  3.0
Fighting       | |  2.0
Throwing       | |  1.8
Dodging        | |  2.8

Action                   || total
-------------------------++-------
Melee: War axe           ||    12
       Punch             ||     1
Armor: Chain mail        ||     8
Dodge: Dodged            ||     4

Table legend: (Time is in decaauts)
 A = Elapsed time spent in this place.
 B = Non-inter-level travel time spent in this place.
 C = Inter-level travel time spent in this place.
 D = Time resting spent in this place.
 E = Time spent auto-exploring this place.
 F = Levels seen in this place.
 G = Mean time per level.
                   A        B        C        D        E       F      G
               +--------+--------+--------+--------+--------+-----+--------+
         Total |    170 |    170 |      0 |      0 |     88 |   1 |  170.0 |
       Dungeon |    170 |    170 |      0 |      0 |     88 |   1 |  170.0 |
               +--------+--------+--------+--------+--------+-----+--------+

Top non-repeatable levels by time:
     D:1: 170 daAuts
